 Dungeon Crawl Stone Soup version 0.19.0-22-gd96e5fe (webtiles) character file.

191654 executioneer the Blocker (level 18, -10/154 HPs)
             Began as a Minotaur Fighter on Nov 19, 2016.
             Was the Champion of Okawaru.
             Killed from afar by a deep elf mage (41 damage)
             ... with a stone arrow
             ... on level 3 of the Elven Halls.
             The game lasted 04:04:06 (29354 turns).

executioneer the Blocker (Minotaur Fighter)        Turns: 29354, Time: 04:04:07

Health: -10/154    AC: 39    Str: 27    XL:     18   Next: 1%
Magic:  1/25       EV: 16    Int: 16    God:    Okawaru [******]
Gold:   3191       SH: 20    Dex: 13    Spells: 6 memorised, 9 levels left

rFire  + + +     SeeInvis +     P - +8 war axe of Cheibriados's Delight {flame, Stlth+}
rCold  + + +     Gourm    .     g - +10 plate armour {ponderous}
rNeg   . . .     Faith    +     u - +5 shield "Ophyethee" {rC++ SInv}
rPois  +         Spirit   .     r - +1 hat "Mafois" {Regen+ rCorr Int+8 Stlth-}
rElec  +         Reflect  .     w - +2 cloak "Hyephuorgh" {*Drain rPois MR+ Int+3 Stlth+}
rCorr  +         Harm     .     X - +1 pair of gloves "Uble" {rF+ Int-5 Slay+5}
MR     +++..                    O - +2 pair of boots {run}
Stlth  ..........               G - amulet of faith
                                Y - ring "Cuolu" {+Fly rF+ Dex+3}
                                v - ring "Kimosiun" {MR+ Int+3}

@: about to teleport, resistant, heroism, finesse, very slightly contaminated,
hasted, very quick
A: retaliatory headbutt, horns 2
a: Heroism, Finesse, Renounce Religion, Evoke Flight


You were on level 3 of the Elven Halls.
You worshipped Okawaru.
Okawaru was exalted by your worship.
You were hungry.

You visited 5 branches of the dungeon, and saw 27 of its levels.
You also visited: Sewer and Ice Cave.

You collected 3761 gold pieces.
You spent 570 gold pieces at shops.

Inventory:

Hand Weapons
 k - a +9 war axe of freezing
 P - the +8 war axe of Cheibriados's Delight (weapon) {flame, Stlth+}
   (You bought it in a shop on level 2 of the Elven Halls)

   It has been specially enchanted to burn those struck by it, causing extra
   injury to most foes and up to half again as much damage against particularly
   susceptible opponents.
   Big, fiery blades are also staple armaments of hydra-hunters.
   It makes you more stealthy.
Missiles
 d - 5 javelins
 n - 4 javelins of penetration
 s - 13 steel javelins
 K - 20 tomahawks (quivered)
 T - 8 poisoned tomahawks
Armour
 g - a +10 plate armour of ponderousness (worn)
 r - the +1 hat "Mafois" (worn) {Regen+ rCorr Int+8 Stlth-}
   (Okawaru gifted it to you on level 12 of the Dungeon)

   It affects your intelligence (+8).
   It increases your rate of regeneration.
   It protects you from acid and corrosion.
   It makes you less stealthy.
 u - the +5 shield "Ophyethee" (worn) {rC++ SInv}
   (You acquired it on level 2 of the Lair of Beasts)

   It greatly protects you from cold.
   It lets you see invisible.
 w - the +2 cloak "Hyephuorgh" (worn) {*Drain rPois MR+ Int+3 Stlth+}
   (You found it in a sewer)

   It affects your intelligence (+3).
   It protects you from poison.
   It affects your resistance to hostile enchantments.
   It causes draining when unequipped.
   It makes you more stealthy.
 O - a +2 pair of boots of running (worn)
 R - the +0 cloak "Jouhe" {rN+++}
   (You found it on level 8 of the Dungeon)

   It renders you almost immune to negative energy.
 X - the +1 pair of gloves "Uble" (worn) {rF+ Int-5 Slay+5}
   (You found it on level 11 of the Dungeon)

   It affects your intelligence (-5).
   It affects your accuracy and damage with ranged weapons and melee attacks
   (+5).
   It protects you from fire.
Jewellery
 v - the ring "Kimosiun" (left hand) {MR+ Int+3}
   (You took it off a tengu conjurer on level 11 of the Dungeon)

   [ring of intelligence]

   It affects your intelligence (+3).
   It affects your resistance to hostile enchantments.
 G - an amulet of faith (around neck)
 Y - the ring "Cuolu" (right hand) {+Fly rF+ Dex+3}
   (You took it off an orc warrior on level 11 of the Dungeon)

   [ring of flight]

   It affects your dexterity (+3).
   It protects you from fire.
   It lets you fly.
Wands
 b - a wand of iceblast (2/15)
 i - a wand of acid (2/15)
 y - a wand of disintegration (9/24)
 L - a wand of flame (18/48)
 N - a wand of iceblast (9/15)
 Q - a wand of acid (4/15)
 S - a wand of iceblast (10/15)
 Z - a wand of acid (6/15)
Scrolls
 l - 2 scrolls of magic mapping
 o - 5 scrolls of fear
 p - 6 scrolls of amnesia
 x - 2 scrolls of fog
 E - 5 scrolls of teleportation
 F - 13 scrolls of remove curse
 I - a scroll of silence
Potions
 a - a potion of berserk rage {unknown}
 e - 4 potions of degeneration {unknown}
 h - 2 potions of brilliance
 j - 7 potions of lignification {unknown}
 q - 2 potions of resistance
 t - 20 potions of curing
 z - 6 potions of mutation {unknown}
 A - 7 potions of flight
 B - 3 potions of agility {unknown}
 C - a potion of invisibility
 H - 2 potions of haste
 J - a potion of cancellation
 U - a potion of magic {unknown}
 V - 3 potions of heal wounds
Books
 D - a book of the Earth

   Spells                             Type                      Level
   a - Leda's Liquefaction            Hexes/Earth                  4
   b - Bolt of Magma                  Conjuration/Fire/Earth       5
   c - Statue Form                    Transmutation/Earth          6
   d - Iron Shot                      Conjuration/Earth            6
   e - Shatter                        Earth                        9
Miscellaneous
 c - a lamp of fire
 W - a phial of floods
Comestibles
 f - 14 bread rations
 m - 10 meat rations
 M - 40 fruits


   Skills:
 + Level 12.2(17.2) Fighting
 + Level 12.3(17.3) Axes
   Level 1.0(13.1) Maces & Flails
   Level 0.0(13.0) Polearms
 - Level 10.2(15.2) Throwing
 + Level 12.2(17.2) Armour
 + Level 11.6(16.6) Dodging
 + Level 12.4(17.4) Shields
 + Level 5.7 Spellcasting
 - Level 5.0 Conjurations
 - Level 4.0 Hexes
 + Level 5.3 Charms
 * Level 7.5 Necromancy
 - Level 5.1 Translocations
 - Level 5.0 Air Magic
 - Level 9.0 Invocations
 - Level 8.0 Evocations


You had 9 spell levels left.
You knew the following spells:

 Your Spells              Type           Power        Failure   Level  Hunger
a - Regeneration          Chrm/Necr      ####......   21%         3    ##.....
b - Repel Missiles        Chrm/Air       ###...       14%         2    #......
c - Swiftness             Chrm/Air       ###.....     14%         2    #......
d - Invisibility          Hex            ###.....     100%        6    #######
e - Apportation           Tloc           ###.......   12%         1    None
f - Lightning Bolt        Conj/Air       ###.......   100%        5    ######.


Dungeon Overview and Level Annotations

Branches:
Dungeon (15/15)            Temple (1/1) D:7            Lair (6/6) D:8
  Swamp (0/4) Lair:2       Spider (0/4) Lair:2        Slime (0/5) Lair:5
    Orc (2/2) D:9             Elf (3/3) Orc:2        Vaults (0/5) D:14
 Depths (0/5) D:15

Altars:
Ashenzari
Cheibriados
Dithmenos
Elyvilon
Fedhas
Gozag
Hepliaklqana
Kikubaaqudgha
Makhleb
Nemelex Xobeh
Okawaru
Qazlal
Ru
Sif Muna
Trog
Uskayaw
Vehumet
Xom
Yredelemnul
Zin
The Shining One
Jiyva

Shops:
D:8 [   Orc:2 [=([   Elf:2 (

Annotations:
D:14 wands o plenty
Lair:3 cache sw


Innate Abilities, Weirdness & Mutations

You reflexively headbutt those who attack you in melee.
You have a pair of horns on your head.


Message History

As you read the scroll of teleportation, it crumbles to dust.
You feel strangely unstable.
The deep elf annihilator seems less brilliant.
The deep elf mage seems less brilliant.
The deep elf annihilator is empowered by the deep elf high priest's aura!
The deep elf mage is empowered by the deep elf high priest's aura!
You block the deep elf mage's attack.
You slice the deep elf annihilator!! You burn the deep elf annihilator.
You headbutt the deep elf annihilator.
You kill the deep elf annihilator!
Okawaru accepts your kill.
The deep elf mage gestures at you while chanting.
The bolt of magma misses you.
You see here a dazzling hand axe {god gift}.
You closely miss the deep elf mage. You headbutt the deep elf mage.
The deep elf mage is lightly wounded.
You hit the earth elemental. The earth elemental misses you.
The deep elf mage gestures at you while chanting.
The stone arrow hits you!
You die...

#§# ###y### ##.#e#.. #..#.#.##
#..#.#..# #.)#)#.###### ##
##########)().ee#.#.#..##########
..'......#)(§.EeE.)§......#......
..#..[...#)....#@.).......'......
..#......(...e.#.)).......#......
'######'###'##########'#######'##
.................................
.........)...)...................
#######..##.#####################
≈≈≈≈≈≈≈≈≈≈≈≈≈≈≈≈≈≈≈≈≈≈≈≈≈≈≈≈≈≈≈≈≈
≈≈≈≈≈≈≈≈≈≈≈≈≈≈≈≈≈≈≈≈≈≈≈≈≈≈≈≈≈≈≈≈≈
.................................


You could see 2 deep elf high priests, 2 earth elementals and a deep elf mage.

Vanquished Creatures
  Nikola (Elf:3)
  Jorgrun (Elf:3)
  Rupert (Lair:6)
  Asterion (Elf:2)
  2 deep elf master archers (Elf:3)
  3 deep elf blademasters
  A sphinx (D:11)
  Kirke (D:12)
  Donald (Orc:2)
  A frost giant (D:11)
  An orc warlord (Orc:1)
  Louise (D:15)
  4 deep elf sorcerers (Elf:3)
  A ghost moth (shapeshifter) (Elf:3)
  2 deep elf elementalists (Elf:3)
  A reaper (IceCv)
  Nessos (Lair:6)
  A deep elf demonologist (Elf:3)
  7 deep elf annihilators (Elf:3)
  6 deep elf death magi
  The ghost of Hrodulf the Cleaver, a journeyman DDBe of Trog (Orc:2)
  Fannar (D:12)
  A deep elf high priest (Elf:3)
  2 vault guards (D:14)
  4 hydras
  4 centaur warriors
  A death knight (D:15)
  A merfolk avatar (Lair:6)
  27 dancing weapons
  The ghost of jalala the Slicer, a journeyman KoAs of Kikubaaqudgha (D:10)
  A vampire mage (D:15)
  A tengu warrior (D:14)
  4 orc high priests (Orc:2)
  4 death yaks (Lair:2)
  19 deep elf knights
  Sonja (D:13)
  A skeletal warrior (D:15)
  2 unseen horrors
  A flayed ghost (D:11)
  A sea snake (Lair:6)
  18 deep elf archers
  3 wizards (D:14)
  6 hill giants
  An orange crystal statue (Elf:1)
  5 orc knights (Orc:2)
  62 deep elf magi
  3 necromancers
  8 orc sorcerers
  11 ugly things
  A phantasmal warrior (D:15)
  5 cyclopes
  4 oklob plants (Lair:5)
  A manticore (Lair:6)
  2 ice statues (IceCv)
  6 black mambas
  10 elephants
  A torpor snail (Lair:5)
  3 centaur skeletons
  A gargoyle (D:11)
  13 spiny frogs
  A spriggan zombie (D:15)
  7 rime drakes
  A kobold demonologist (D:11)
  9 komodo dragons
  A komodo dragon (shapeshifter) (D:15)
  A guardian mummy (D:15)
  8 ice devils (IceCv)
  3 tengu conjurers
  7 trolls
  5 polar bears (Lair:6)
  2 wind drakes (Lair:6)
  3 hornets (Lair:6)
  An ettin zombie (D:15)
  4 blink frogs (Lair:6)
  7 dream sheep
  8 hippogriffs
  A deep troll zombie (D:15)
  2 water elementals
  A spriggan skeleton (D:15)
  3 redbacks (D:15)
  7 wyverns
  An air elemental (Elf:3)
  41 yaks
  A hog (D:12)
  A basilisk (Lair:2)
  4 wraiths (D:15)
  4 fire elementals
  9 vampire mosquitoes
  19 humans
  4 hungry ghosts
  A steam dragon (D:10)
  2 large abominations
  3 wargs
  A mottled dragon (Lair:6)
  11 water moccasins
  Duvessa (D:5)
  2 hell hounds (D:8)
  A floating eye (shapeshifter) (Elf:1)
  Purgy (Sewer)
  4 ice beasts
  3 porcupines
  6 sky beasts
  2 black bears
  26 orc warriors
  A necrophage (D:6)
  16 ogres
  2 eyes of draining
  4 phantoms
  8 centaurs
  4 boggarts (D:15)
  13 wolves
  15 crocodiles
  4 big kobolds
  5 elf zombies (Elf:1)
  2 earth elementals (Elf:1)
  2 wyvern zombies
  12 bullfrogs
  Dowan (D:5)
  4 scorpions
  A water moccasin skeleton (D:10)
  4 killer bees (D:9)
  2 electric eels (Elf:3)
  3 howler monkeys (D:12)
  2 bullfrog zombies (D:7)
  A centaur zombie (D:6)
  7 crimson imps
  A quasit (D:8)
  20 orc priests
  7 hounds
  2 jellies
  28 orc wizards
  2 bullfrog skeletons
  Terence (D:2)
  3 iguanas
  15 worker ants
  A killer bee zombie (D:8)
  2 hound zombies
  A worker ant zombie (D:7)
  7 gnolls
  15 adders
  5 shadow imps
  8 white imps (IceCv)
  6 ufetubi (IceCv)
  2 oozes
  An adder skeleton (D:9)
  2 worms
  7 leopard geckos
  101 orcs
  4 ball pythons
  8 bats
  10 giant cockroaches
  10 goblins
  12 hobgoblins
  8 jackals
  3 quokkas
  4 frilled lizards
  21 kobolds
  A leopard gecko skeleton (D:7)
  12 rats
  A bush (Lair:6)
  2 butterflies (Lair:6)
  6 fungi
  51 plants
1013 creatures vanquished.

Vanquished Creatures (others)
  A deep elf mage (Elf:1)
  A human (D:12)
  A bullfrog (D:12)
  3 orc priests (D:12)
  A white imp (IceCv)
  5 ufetubi (IceCv)
  An orc (D:12)
  10 fungi
  32 plants
55 creatures vanquished.

Grand Total: 1068 creatures vanquished

Notes
Turn   | Place    | Note
-------+----------+-------------------------------------------
     0 | D:1      | executioneer the Minotaur Fighter began the quest for the Orb.
     0 | D:1      | Reached XP level 1. HP: 19/19 MP: 0/0
    12 | D:1      | Reached skill level 1 in Dodging
    83 | D:1      | Reached skill level 1 in Throwing
    83 | D:1      | Reached XP level 2. HP: 24/26 MP: 1/1
   675 | D:1      | Reached XP level 3. HP: 31/31 MP: 2/2
  1252 | D:2      | Reached XP level 4. HP: 39/39 MP: 3/3
  1634 | D:2      | Noticed Terence
  1647 | D:2      | Killed Terence
  2038 | D:3      | Reached XP level 5. HP: 20/45 MP: 4/4
  2078 | D:3      | Found a glowing drain.
  2114 | Sewer    | Entered a sewer
  2135 | Sewer    | Got a shimmering cloak
  2226 | Sewer    | Noticed Purgy
  2235 | Sewer    | Killed Purgy
  2235 | Sewer    | Reached skill level 5 in Shields
  2235 | Sewer    | Reached XP level 6. HP: 21/52 MP: 5/5
  2932 | D:4      | HP: 2/52 [gnoll/halberd (9)]
  2934 | D:4      | Reached XP level 7. HP: 3/59 MP: 6/6
  3297 | D:4      | Reached skill level 5 in Axes
  3580 | D:4      | Reached skill level 5 in Armour
  4188 | D:5      | Entered Level 5 of the Dungeon
  4227 | D:5      | Identified the +2 cloak "Hyephuorgh" {*Drain rPois MR+ Int+3 Stlth+} (You found it in a sewer)
  4282 | D:5      | Reached skill level 5 in Fighting
  4399 | D:5      | Noticed Duvessa
  4404 | D:5      | Noticed Dowan
  4411 | D:5      | Killed Duvessa
  4411 | D:5      | Reached XP level 8. HP: 62/68 MP: 7/7
  4420 | D:5      | Killed Dowan
  5025 | D:5      | Found an opulent altar of Gozag.
  5691 | D:6      | Reached skill level 5 in Dodging
  6075 | D:7      | Found a staircase to the Ecumenical Temple.
  6101 | D:7      | Reached XP level 9. HP: 75/75 MP: 8/8
  6113 | Temple   | Entered the Ecumenical Temple
  6237 | Temple   | Became a worshipper of Warmaster Okawaru
  6939 | D:7      | Reached skill level 5 in Throwing
  7383 | D:8      | Reached skill level 1 in Maces & Flails
  7532 | D:8      | Reached * piety under Okawaru
  7564 | D:8      | Found Ceatywk's Antique Armour Shop.
  7568 | D:8      | Bought a pair of glowing boots for 273 gold pieces
  7578 | D:8      | Identified a +1 pair of boots of running (You bought it in a shop on level 8 of the Dungeon)
  7620 | D:8      | Found a staircase to the Lair.
  7647 | D:8      | Got a scorched cloak
  7892 | D:9      | Noticed a red ugly thing
  7904 | D:9      | Killed a red ugly thing
  7932 | D:9      | Found a stormy altar of Qazlal.
  8016 | D:9      | Reached XP level 10. HP: 66/88 MP: 9/9
  8028 | D:9      | Reached ** piety under Okawaru
  8248 | D:9      | Found a staircase to the Orcish Mines.
  8697 | D:9      | Reached *** piety under Okawaru
  9031 | D:10     | Entered Level 10 of the Dungeon
  9263 | D:10     | Noticed a hill giant
  9273 | D:10     | Killed a hill giant
  9311 | D:10     | Reached **** piety under Okawaru
  9337 | D:10     | Reached XP level 11. HP: 84/97 MP: 10/10
  9370 | D:10     | Noticed jalala's ghost (journeyman KoAs)
  9397 | D:10     | Killed jalala's ghost
  9397 | D:10     | Received a gift from Okawaru
 10007 | D:10     | Noticed a hill giant
 10015 | D:10     | Killed a hill giant
 10670 | D:11     | Noticed a hill giant
 10684 | D:11     | Killed a hill giant
 10684 | D:11     | Reached ***** piety under Okawaru
 10780 | D:11     | Noticed a green ugly thing
 10798 | D:11     | Killed a green ugly thing
 10876 | D:11     | Received a gift from Okawaru
 10876 | D:11     | Reached skill level 10 in Armour
 11170 | D:11     | Identified a scroll of acquirement
 11178 | D:11     | Identified the +0 cloak "Jouhe" {rN+++} (You found it on level 8 of the Dungeon)
 11188 | D:11     | Noticed a centaur warrior
 11198 | D:11     | Killed a centaur warrior
 11231 | D:11     | Reached skill level 10 in Fighting
 11249 | D:11     | Reached skill level 10 in Axes
 11249 | D:11     | Reached skill level 10 in Shields
 11255 | D:11     | Got a crude glass ring
 11520 | D:11     | Noticed a centaur warrior
 11540 | D:11     | Killed a centaur warrior
 11794 | D:11     | Received a gift from Okawaru
 11848 | D:11     | Noticed a hill giant
 11850 | D:11     | Reached XP level 12. HP: 106/106 MP: 11/11
 11968 | D:11     | Noticed a sphinx
 11975 | D:11     | Noticed a six-headed hydra
 11990 | D:11     | Killed a sphinx
 12041 | D:11     | Got a pair of fine gloves
 12069 | D:11     | Got a wavering lead ring
 12121 | D:11     | Noticed a frost giant
 12132 | D:11     | Killed a frost giant
 12186 | D:11     | Identified the ring "Kimosiun" {MR+ Int+3} (You took it off a tengu conjurer on level 11 of the Dungeon)
 12188 | D:11     | Identified the ring "Cuolu" {+Fly rF+ Dex+3} (You took it off an orc warrior on level 11 of the Dungeon)
 12210 | D:11     | Identified the +1 pair of gloves "Uble" {rF+ Int-5 Slay+5} (You found it on level 11 of the Dungeon)
 12277 | D:11     | Received a gift from Okawaru
 12443 | D:11     | Killed a six-headed hydra
 12615 | D:9      | Noticed a centaur warrior
 12625 | D:9      | Killed a centaur warrior
 12708 | Orc:1    | Entered Level 1 of the Orcish Mines
 12795 | Orc:1    | Reached skill level 10 in Dodging
 12827 | Orc:1    | Noticed an orc warlord
 12860 | Orc:1    | Killed an orc warlord
 12860 | Orc:1    | Reached ****** piety under Okawaru
 13176 | Orc:1    | Learned a level 3 spell: Regeneration
 13181 | Orc:1    | Learned a level 2 spell: Repel Missiles
 13184 | Orc:1    | Learned a level 2 spell: Swiftness
 13238 | Orc:2    | Entered Level 2 of the Orcish Mines
 13238 | Orc:2    | Found a staircase to the Elven Halls.
 13319 | Orc:2    | Noticed Donald
 13340 | Orc:2    | Killed Donald
 13512 | Orc:2    | Noticed Hrodulf's ghost (journeyman DDBe)
 13528 | Orc:2    | Killed Hrodulf's ghost
 13528 | Orc:2    | Reached XP level 13. HP: 116/116 MP: 9/12
 13647 | Orc:2    | Reached skill level 1 in Necromancy
 13676 | Orc:2    | Reached skill level 1 in Invocations
 13726 | Orc:2    | Reached skill level 1 in Evocations
 13736 | Orc:2    | Reached skill level 1 in Air Magic
 14011 | Orc:2    | Reached skill level 1 in Charms
 14056 | Orc:1    | Reached skill level 1 in Spellcasting
 14343 | Orc:2    | Found Oreodip's Armour Shop.
 14788 | Orc:2    | Received a gift from Okawaru
 14880 | Orc:2    | Found Cucsuept's Weapon Emporium.
 14890 | Orc:2    | Found Temutes's Jewellery Shop.
 14891 | Orc:2    | Found Kaapyn's Antique Armour Emporium.
 15173 | Lair:1   | Entered Level 1 of the Lair of Beasts
 15945 | Lair:2   | Received a gift from Okawaru
 16242 | Lair:2   | Got a scorched shield
 16255 | Lair:2   | Identified the +5 shield "Ophyethee" {rC++ SInv} (You acquired it on level 2 of the Lair of Beasts)
 16296 | Lair:2   | Found a hole to the Spider Nest.
 16404 | Lair:2   | Found a staircase to the Swamp.
 16907 | Lair:3   | Reached XP level 14. HP: 124/124 MP: 16/16
 17120 | Lair:3   | Learned a level 6 spell: Invisibility
 17122 | Lair:3   | Learned a level 1 spell: Apportation
 17684 | Lair:4   | Reached skill level 5 in Invocations
 17784 | Lair:4   | You fall through a shaft!
 17998 | Lair:5   | Found a viscous altar of Jiyva.
 17999 | Lair:5   | Found a staircase to the Slime Pits.
 18436 | Lair:5   | Reached skill level 1 in Translocations
 18532 | Lair:5   | Received a gift from Okawaru
 18734 | Lair:5   | Reached skill level 1 in Hexes
 19033 | Lair:6   | Entered Level 6 of the Lair of Beasts
 19033 | Lair:6   | Noticed Rupert
 19045 | Lair:6   | Killed Rupert
 19045 | Lair:6   | Received a gift from Okawaru
 19142 | Lair:6   | Received a gift from Okawaru
 19584 | Lair:6   | Reached skill level 5 in Evocations
 19888 | Lair:6   | Noticed Nessos
 19915 | Lair:6   | Killed Nessos
 20343 | Lair:6   | Learned a level 5 spell: Lightning Bolt
 20742 | D:12     | Reached XP level 15. HP: 129/129 MP: 19/19
 20759 | D:12     | Noticed Fannar
 20774 | D:12     | Killed Fannar
 21063 | D:12     | Noticed Kirke
 21071 | D:12     | Killed Kirke
 21071 | D:12     | Received a gift from Okawaru
 21072 | D:12     | Got a distressingly furry hat {god gift}
 21078 | D:12     | Identified the +1 hat "Mafois" {Regen+ rCorr Int+8 Stlth-} (Okawaru gifted it to you on level 12 of the Dungeon)
 21464 | D:13     | Found a frozen archway.
 21489 | IceCv    | Entered an ice cave
 21909 | IceCv    | Got a blackened demon blade
 22012 | D:13     | Identified the +4 demon blade of Income {pain, +Blink rElec Int-3} (You found it in an ice cave)
 22069 | D:13     | Noticed Sonja
 22147 | D:13     | Reached skill level 1 in Conjurations
 22270 | D:13     | Killed Sonja
 23322 | D:14     | Found a gate to the Vaults.
 23331 | D:14     | Reached skill level 5 in Necromancy
 23752 | D:14     | Found a glowing golden altar of the Shining One.
 23871 | D:15     | Entered Level 15 of the Dungeon
 23900 | D:15     | Received a gift from Okawaru
 23932 | D:15     | Reached skill level 5 in Air Magic
 24125 | D:15     | Noticed Louise
 24144 | D:15     | Found a staircase to the Depths.
 24154 | D:15     | Killed Louise
 24745 | D:15     | Received a gift from Okawaru
 25292 | Elf:1    | Entered Level 1 of the Elven Halls
 25372 | Elf:1    | Reached XP level 16. HP: 134/137 MP: 21/21
 25412 | Elf:1    | Received a gift from Okawaru
 26026 | Elf:1    | Identified the Papyrus of Evil
 26274 | Elf:1    | Reached skill level 5 in Conjurations
 26361 | Elf:1    | Received a gift from Okawaru
 26361 | Elf:1    | Reached skill level 5 in Translocations
 26655 | Elf:2    | Found a runed gate.
 26656 | Elf:2    | Found a runed gate.
 26708 | Elf:2    | Found Ushaqunt's Antique Weapon Boutique.
 26722 | Elf:2    | Bought a steaming war axe for 297 gold pieces
 26726 | Elf:2    | Identified the +8 war axe of Cheibriados's Delight {flame, Stlth+} (You bought it in a shop on level 2 of the Elven Halls)
 26758 | Elf:2    | Noticed Asterion
 26785 | Elf:2    | Killed Asterion
 26957 | Elf:2    | Found a runed gate.
 27263 | Elf:2    | Noticed a deep elf blademaster
 27285 | Elf:2    | Killed a deep elf blademaster
 27478 | Elf:2    | Received a gift from Okawaru
 27562 | Elf:2    | Reached XP level 17. HP: 144/144 MP: 23/23
 27588 | Elf:2    | Reached skill level 5 in Spellcasting
 27600 | Elf:2    | Received a gift from Okawaru
 27882 | Elf:3    | Entered Level 3 of the Elven Halls
 28001 | Elf:3    | Noticed Jorgrun
 28014 | Elf:3    | Killed Jorgrun
 28593 | Elf:3    | Noticed Nikola
 28610 | Elf:3    | Killed Nikola
 28876 | Elf:3    | Noticed a deep elf master archer
 28878 | Elf:3    | Noticed a deep elf master archer
 28900 | Elf:3    | Killed a deep elf master archer
 28900 | Elf:3    | Reached skill level 10 in Throwing
 28903 | Elf:3    | Reached skill level 5 in Charms
 28959 | Elf:3    | Noticed a deep elf blademaster
 28968 | Elf:3    | Killed a deep elf blademaster
 28968 | Elf:3    | Received a gift from Okawaru
 28980 | Elf:3    | Noticed a deep elf blademaster
 28984 | Elf:3    | Killed a deep elf master archer
 29000 | Elf:3    | Killed a deep elf blademaster
 29030 | Elf:3    | Received a gift from Okawaru
 29340 | Elf:3    | Received a gift from Okawaru
 29349 | Elf:3    | Reached XP level 18. HP: 38/154 MP: 0/25
 29354 | Elf:3    | Killed from afar by a deep elf mage

Skill      XL: |  1  2  3  4  5  6  7  8  9 10 11 12 13 14 15 16 17 |
---------------+----------------------------------------------------+-----
Dodging        | 1 2 3 4 5 6 7 9 10 11 | 11.6
Throwing       | 1 2 3 4 5 6 8 9 10 | 10.2
Axes           | 3 4 5 7 8 9 10 11 12 | 12.3
Armour         | 4 5 7 8 9 10 11 12 | 12.2
Fighting       | 4 5 6 8 9 10 11 12 | 12.2
Shields        | 5 7 8 10 11 12 | 12.4
Maces & Flails | 1 |  1.0
Necromancy     | 3 4 5 6 7 |  7.5
Invocations    | 4 7 9 |  9.0
Evocations     | 4 5 6 8 |  8.0
Air Magic      | 3 4 5 |  5.0
Charms         | 2 3 4 5 |  5.3
Spellcasting   | 2 3 4 5 |  5.7
Translocations | 2 4 5 |  5.1
Hexes          | 2 3 4 |  4.0
Conjurations   | 2 5 |  5.0

Action                   |  1- 3 |  4- 6 |  7- 9 | 10-12 | 13-15 | 16-18 || total
-------------------------+-------+-------+-------+-------+-------+-------++-------
Melee: War axe           |   105 |   128 |   329 |    49 |  1136 |   628 ||  2375
       Headbutt          |    11 |    16 |    70 |   140 |   307 |   140 ||   684
       Hand axe          |       |       |    28 |   608 |       |       ||   636
Throw: Tomahawk          |       |       |    20 |    33 |    49 |     8 ||   110
       Stone             |       |       |     9 |     3 |       |       ||    12
       Javelin           |       |       |       |       |     2 |       ||     2
 Cast: Regeneration      |       |       |       |       |       |     3 ||     3
Invok: Heroism           |       |       |     2 |     4 |    12 |    13 ||    31
       Finesse           |       |       |       |       |     4 |    12 ||    16
 Abil: Evoke Flight      |       |       |       |       |     2 |     3 ||     5
Evoke: Wand              |       |       |       |     8 |    25 |       ||    33
       Lamp of fire      |       |       |       |       |     1 |       ||     1
  Use: Potion            |       |     1 |     2 |     2 |     2 |     3 ||    10
       Scroll            |       |     1 |     1 |    14 |    26 |     4 ||    46
 Stab: Sleeping          |       |       |     1 |       |       |       ||     1
       Distracted        |       |       |       |       |       |     1 ||     1
  Eat: Chunk             |     1 |     6 |    18 |    15 |    32 |       ||    72
       Beef jerky        |       |       |       |     1 |     1 |     1 ||     3
       Royal jelly       |       |       |       |     1 |       |       ||     1
       Pizza             |       |       |       |     2 |     6 |     2 ||    10
       Meat ration       |       |       |       |       |       |     2 ||     2
Armor: Scale mail        |    54 |    46 |     9 |       |       |       ||   109
       Ring mail         |       |       |   118 |   137 |       |       ||   255
       Plate armour      |       |       |       |    34 |   350 |   213 ||   597
Dodge: Dodged            |    30 |    52 |   137 |   217 |   306 |   157 ||   899
Block: Shield            |    58 |    62 |   207 |   300 |   794 |   462 ||  1883
